 Dungeon Crawl Stone Soup version 0.28-a0-691-gad6df49e81 (webtiles) character file.

Game seed: 4494790843182707797

56 cheechan the Shooter (level 3, -1/25 HPs)
             Began as an Octopode Hunter on Oct 21, 2021.
             Slain by a gnoll (5 damage)
             ... on level 3 of the Dungeon.
             The game lasted 00:05:30 (2023 turns).

cheechan the Shooter (Octopode Hunter)              Turns: 2023, Time: 00:05:31

Health: -1/25      AC:  1    Str: 11    XL:     3   Next: 95%
Magic:  3/3        EV: 13    Int: 13    God:
Gold:   111        SH:  5    Dex: 13    Spells: 2/2 levels left

rFire   . . .      SeeInvis .   a - +3 shortbow
rCold   . . .      Faith    .   (shield currently unavailable)
rNeg    . . .      Spirit   .   (helmet restricted)
rPois   .          Reflect  +   l - amulet of reflection
rElec   .          Harm     .   (no ring)
rCorr   .          Rampage  .   (no ring)
Will    .....                   (no ring)
Stlth   +++.......              (no ring)
HPRegen 0.08/turn               (no ring)
MPRegen 0.08/turn               (no ring)
                                (no ring)
                                (no ring)

@: no status effects
A: almost no armour, amphibious, 8 rings, camouflage 1, gelatinous body 1,
(nimble swimmer 1), tentacles
a: no special abilities


You were on level 3 of the Dungeon.
You visited 1 branch of the dungeon, and saw 3 of its levels.

You collected 111 gold pieces.

Inventory:

Hand Weapons
 a - a +3 shortbow (weapon)
 b - a +0 short sword
Missiles
 c - 44 arrows (quivered ammo)
 f - 37 bolts
 h - 26 stones
 j - 11 poisoned darts
Jewellery
 l - an amulet of reflection (around mantle)
Wands
 k - a wand of iceblast (7)
Potions
 d - a potion of lignification {unknown}
 e - 4 potions of curing
 g - 2 potions of attraction {unknown}
 i - a potion of haste {unknown}
 m - a potion of brilliance {unknown}


   Skills:
 + Level 2.3 Fighting
 + Level 4.9 Bows
 + Level 2.1 Dodging
 * Level 2.5 Stealth


You had 2 spell levels left.
You didn't know any spells.
Your spell library contained the following spells:

 Spells                   Type           Power      Damage    Failure   Level
 Ensorcelled Hibernation  Hex/Ice        0%         N/A       43%         2
 Tukima's Dance           Hex            0%         N/A       67%         3


Dungeon Overview and Level Annotations

Branches:
Dungeon (3/15)

Altars:


Innate Abilities, Weirdness & Mutations

You cannot wear most types of armour.
You are amphibious.
You can wear up to eight rings at the same time.
Your skin changes colour to match your surroundings (Stealth+).
Your rubbery body absorbs attacks. (AC +1, EV +1)
((You are camouflaged near water. (Stealth+)))
You have tentacles for arms and can constrict up to eight enemies at once.


Message History

Aim: a water moccasin zombie (lightly damaged, 64% to hit)
You shoot an arrow.
The arrow hits the water moccasin zombie!
The water moccasin zombie is moderately damaged.
The water moccasin zombie bites you.
Fire: 48 arrows
Press: ? - help, Q - select action, (/) - cycle Shift-Dir - straight line, f/p - water moccasin zombie
Aim: a water moccasin zombie (moderately damaged, 64% to hit)
You shoot an arrow.
The arrow hits the water moccasin zombie but does no damage.
The water moccasin zombie is moderately damaged.
The water moccasin zombie bites you. The gnoll barely misses you.
The water moccasin zombie bites you!
Unknown command.
Fire: 47 arrows
Press: ? - help, Q - select action, (/) - cycle Shift-Dir - straight line, f/p - water moccasin zombie
Aim: a water moccasin zombie (moderately damaged, 64% to hit)
You shoot an arrow.
The arrow hits the water moccasin zombie!
The water moccasin zombie is severely damaged.
The water moccasin zombie barely misses you.
The gnoll hits you from afar with a +0 spear!
* * * LOW HITPOINT WARNING * * *
Fire: 46 arrows
Press: ? - help, Q - select action, (/) - cycle Shift-Dir - straight line, f/p - water moccasin zombie
Aim: a water moccasin zombie (severely damaged, 64% to hit)
You shoot an arrow.
The arrow hits the water moccasin zombie.
The water moccasin zombie is severely damaged.
The water moccasin zombie closely misses you.
You block the gnoll's attack.
Fire: 45 arrows
Press: ? - help, Q - select action, (/) - cycle Shift-Dir - straight line, f/p - water moccasin zombie
Aim: a water moccasin zombie (severely damaged, 64% to hit)
You shoot an arrow.
The arrow hits the water moccasin zombie.
The water moccasin zombie is severely damaged.
The water moccasin zombie closely misses you.
The gnoll hits you from afar with a +0 spear.
You die...

.......' ......# . .....# ....
####. .....# .... ....
.....#.....# #.g.#...#...
...........## #gg##...#... ##
..##.........###Z##...##.# ...
.............#..@....).#.# ....
.............#.........#.###....
....##.......#..................
...#.........#..................
#.....#......#..................
#.....#..#.#######.#####........
#.##.....#.#.................###
#.##.....#.#..[..............###
####...........................#


You could see 3 gnolls and a water moccasin zombie.

Vanquished Creatures
  3 adders (D:2)
  A worm (D:2)
  3 ball pythons
  A bat (D:3)
  4 endoplasms
  A giant cockroach (D:3)
  3 goblins
  A hobgoblin (D:2)
  2 jackals (D:2)
  3 quokkas
  2 frilled lizards
24 creatures vanquished.

Notes
Turn   | Place    | Note
-------+----------+-------------------------------------------
     0 | D:1      | cheechan the Octopode Hunter began the quest for the Orb.
     0 | D:1      | Reached XP level 1. HP: 14/14 MP: 1/1
   734 | D:2      | Reached XP level 2. HP: 19/19 MP: 2/2
  1274 | D:2      | Reached XP level 3. HP: 24/24 MP: 3/3
  1465 | D:2      | Found a faded altar of an unknown god.
  2023 | D:3      | Slain by a gnoll

Illustrated notes

Levels and vault maps discovered:
D:1:      dpeg_arrival_tiny_a, layout_basic
D:2:      layout_basic, dreamdust_ecumenical_altar_statues, minivault_14,
          st_stairs_13
D:3:      layout_basic

Skill      XL: |  1  2 |
---------------+-------+-----
Stealth        | 2 |  2.5
Fighting       | |  2.3
Bows           | |  4.9
Dodging        | |  2.1

Action                   || total
-------------------------++-------
 Fire: Shortbow          ||    65
  Use: Scroll            ||     6
Armor: Skin              ||     2
Dodge: Dodged            ||    21
Block: Other             ||     4

Table legend: (Time is in decaauts)
 A = Elapsed time spent in this place.
 B = Non-inter-level travel time spent in this place.
 C = Inter-level travel time spent in this place.
 D = Time resting spent in this place.
 E = Time spent auto-exploring this place.
 F = Levels seen in this place.
 G = Mean time per level.
                   A        B        C        D        E       F      G
               +--------+--------+--------+--------+--------+-----+--------+
         Total |   2027 |   2027 |      0 |    292 |      0 |   3 |  675.7 |
       Dungeon |   2027 |   2027 |      0 |    292 |      0 |   3 |  675.7 |
               +--------+--------+--------+--------+--------+-----+--------+

Top non-repeatable levels by time:
     D:2: 1217 daAuts
     D:1: 640 daAuts
     D:3: 168 daAuts
